TOP OF THE 1ST |
---|
El Dorado Oilers batting - Pitching for Maui Tropics : RHP Ronald Cotton | Pitching: RHP Ronald Cotton | | Batting: LHB Al Gaines | 0-0: Ball 1-0: DOUBLE (Line Drive, 78D) | Batting: RHB Nick Webb | 0-0: Ball 1-0: Ball 2-0: Swinging Strike 2-1: Foul Ball, location: 2F 2-2: Strikes out swinging | Batting: LHB José Hernández | 0-0: Called Strike 0-1: Called Strike 0-2: Ground out 4-3 (Groundball, 34) Al Gaines to third | Batting: LHB Chris Miller | 0-0: Foul Ball, location: 2F 0-1: Foul Ball, location: 2F 0-2: Ball 1-2: Ball 2-2: Ball 3-2: Strikes out swinging | Top of the 1st over - 0 runs, 1 hit, 0 errors, 1 left on base; El Dorado 0 - Maui 0 | BOTTOM OF THE 1ST |
---|
Maui Tropics batting - Pitching for El Dorado Oilers : RHP Barton Johnson | Pitching: RHP Barton Johnson | | Batting: RHB Matt Silver | 0-0: Ground out 6-3 (Groundball, 6) | Batting: RHB Roberto Gómez | 0-0: Ball 1-0: Foul Ball, location: 2F 1-1: Ball 2-1: SINGLE (Line Drive, 4MD) | Batting: RHB Jesús Espinoza | 0-0: Called Strike 0-1: Ball 1-1: Ball 2-1: Ball 3-1: Fly out, F3 (Popup, 23F) | Batting: RHB Luis Alou | 0-0: Ball Roberto Gómez is caught stealing 2nd base | Bottom of the 1st over - 0 runs, 1 hit, 0 errors, 0 left on base; El Dorado 0 - Maui 0 | TOP OF THE 2ND |
---|
El Dorado Oilers batting - Pitching for Maui Tropics : RHP Ronald Cotton | Batting: RHB Bob Johnson | 0-0: Foul Ball, location: 2F 0-1: Foul Ball, location: 2F 0-2: Foul Ball, location: 2F 0-2: Ball 1-2: Ball 2-2: Foul Ball, location: 2F 2-2: Ball 3-2: Base on Balls | Batting: LHB José Rivera | 0-0: Ball 1-0: Swinging Strike 1-1: Called Strike 1-2: Foul Ball, location: 2F 1-2: SINGLE (Line Drive, 3D) Bob Johnson to second | Batting: RHB José Carlos Caraballo | 0-0: Ball 1-0: SINGLE (Flyball, 8RS) Bob Johnson to third José Rivera to second Runner from 3rd tries for Home, SAFE, throw made home | Batting: SHB Orlando Aguilar | 0-0: Ball 1-0: Foul Ball, location: 2F 1-1: Ball 2-1: Foul Ball, location: 2F 2-2: Fly out, F8 (Flyball, 8LM) | Batting: RHB Chris Parker | 0-0: Called Strike 0-1: Foul Ball, location: 2F 0-2: Strikes out looking | Batting: LHB Al Gaines | 0-0: Called Strike 0-1: Swinging Strike 0-2: Ball 1-2: Ball 2-2: Foul Ball, location: 2F 2-2: Ball 3-2: Strikes out looking | Top of the 2nd over - 1 run, 2 hits, 0 errors, 2 left on base; El Dorado 1 - Maui 0 | BOTTOM OF THE 2ND |
---|
Maui Tropics batting - Pitching for El Dorado Oilers : RHP Barton Johnson | Batting: RHB Luis Alou | 0-0: Called Strike 0-1: Called Strike 0-2: Fly out, F7 (Line Drive, 7S) | Batting: LHB Ernesto López | 0-0: Ball 1-0: Fly out, F7 (Line Drive, 78M) | Batting: LHB Mike Pearson | 0-0: Foul Ball, location: 2F 0-1: Ball 1-1: Foul Ball, location: 2F 1-2: Foul Ball, location: 2F 1-2: Strikes out swinging | Bottom of the 2nd over - 0 runs, 0 hits, 0 errors, 0 left on base; El Dorado 1 - Maui 0 | TOP OF THE 3RD |
---|
El Dorado Oilers batting - Pitching for Maui Tropics : RHP Ronald Cotton | Batting: RHB Nick Webb | 0-0: Ball 1-0: Fly out, F9 (Flyball, 89M) | Batting: LHB José Hernández | 0-0: Ball 1-0: Foul Ball, location: 2F 1-1: Fly out, F8 (Flyball, 8RD) | Batting: LHB Chris Miller | 0-0: Swinging Strike 0-1: Foul Ball, location: 2F 0-2: Strikes out looking | Top of the 3rd over - 0 runs, 0 hits, 0 errors, 0 left on base; El Dorado 1 - Maui 0 | BOTTOM OF THE 3RD |
---|
Maui Tropics batting - Pitching for El Dorado Oilers : RHP Barton Johnson | Batting: LHB José Rivas | 0-0: Fly out, F8 (Flyball, 8LM) | Batting: LHB Mark Everett | 0-0: Ball 1-0: Called Strike 1-1: Reached on error, E5 (Groundball, 5) | Batting: RHB Michael Woodruff | 0-0: Foul Ball, location: 2F 0-1: Foul Ball, location: 2F 0-2: Foul Ball, location: 2F 0-2: Ball 1-2: Foul Ball, location: 2F 1-2: Ball 2-2: Foul Ball, location: 2F 2-2: Ball 3-2: Ground out 4-3 (Groundball, 4M) Mark Everett to third | Batting: RHB Matt Silver | 0-0: Called Strike 0-1: Ball 1-1: Swinging Strike 1-2: Fly out, F2 (Popup, 25F) | Bottom of the 3rd over - 0 runs, 0 hits, 1 error, 1 left on base; El Dorado 1 - Maui 0 | TOP OF THE 4TH |
---|
El Dorado Oilers batting - Pitching for Maui Tropics : RHP Ronald Cotton | Batting: RHB Bob Johnson | 0-0: Called Strike 0-1: Ball 1-1: Foul Ball, location: 2F 1-2: Strikes out looking | Batting: LHB José Rivera | 0-0: Ball 1-0: Foul Ball, location: 2F 1-1: SOLO HOME RUN (Flyball, 9D), Distance : 372 ft | Batting: RHB José Carlos Caraballo | 0-0: Fly out, F8 (Flyball, 8RXD) | Batting: SHB Orlando Aguilar | 0-0: Foul Ball, location: 2F 0-1: SINGLE (Flyball, 9S) | Batting: RHB Chris Parker | 0-0: SINGLE (Groundball, 4D) Orlando Aguilar to second Runner from 2nd tries for 3rd, SAFE, no throw | Batting: LHB Al Gaines | 0-0: Called Strike 0-1: Ball 1-1: Ball 2-1: SINGLE (Groundball, 6MD) Orlando Aguilar scores Chris Parker to second | Batting: RHB Nick Webb | 0-0: Foul Ball, location: 2F 0-1: Ball 1-1: Ball 2-1: Foul Ball, location: 2F 2-2: Strikes out looking | Top of the 4th over - 2 runs, 4 hits, 0 errors, 2 left on base; El Dorado 3 - Maui 0 | BOTTOM OF THE 4TH |
---|
Maui Tropics batting - Pitching for El Dorado Oilers : RHP Barton Johnson | Batting: RHB Roberto Gómez | 0-0: Ground out 6-3 (Groundball, 56) | Batting: RHB Jesús Espinoza | 0-0: Ball 1-0: Fly out, F9 (Line Drive, 89S) | Batting: RHB Luis Alou | 0-0: Ball 1-0: Swinging Strike 1-1: Ball 2-1: Swinging Strike 2-2: Strikes out swinging | Bottom of the 4th over - 0 runs, 0 hits, 0 errors, 0 left on base; El Dorado 3 - Maui 0 | TOP OF THE 5TH |
---|
El Dorado Oilers batting - Pitching for Maui Tropics : RHP Ronald Cotton | Pitching: RHP Denny Green | | Batting: LHB José Hernández | 0-0: Fly out, F7 (Line Drive, 78S) | Batting: LHB Chris Miller | 0-0: Called Strike 0-1: Ball 1-1: Swinging Strike 1-2: Foul Ball, location: 2F 1-2: Fly out, F7 (Flyball, 78S) | Batting: RHB Bob Johnson | 0-0: Ball 1-0: Called Strike 1-1: Ball 2-1: SINGLE (Line Drive, 8LS) | Batting: LHB José Rivera | 0-0: Ball 1-0: Ball 2-0: Ball 3-0: Called Strike 3-1: Foul Ball, location: 2F 3-2: Ground out 4-3 (Groundball, 4) | Top of the 5th over - 0 runs, 1 hit, 0 errors, 1 left on base; El Dorado 3 - Maui 0 | BOTTOM OF THE 5TH |
---|
Maui Tropics batting - Pitching for El Dorado Oilers : RHP Barton Johnson | Pitching: RHP Stanley Briggs | | Batting: LHB Ernesto López | 0-0: Foul Ball, location: 2F 0-1: Ball 1-1: Called Strike 1-2: Ball 2-2: Ball 3-2: Strikes out swinging | Batting: LHB Mike Pearson | 0-0: Ball 1-0: Ball 2-0: Ball 3-0: Base on Balls | Batting: LHB José Rivas | 0-0: Ball 1-0: Ball 2-0: Fly out, F9 (Flyball, 9LD) | Batting: LHB Mark Everett | 0-0: Ball 1-0: Ball 2-0: Foul Ball, location: 2F 2-1: Ball Wild Pitch! Mike Pearson to second 3-1: Base on Balls | Batting: RHB Michael Woodruff | 0-0: Ball 1-0: Ball 2-0: Ball 3-0: Base on Balls Mike Pearson to third Mark Everett to second | Batting: RHB Matt Silver | 0-0: Reached on error, E6 (Groundball, 56) Mike Pearson scores Mark Everett to third Michael Woodruff to second | Batting: RHB Roberto Gómez | 0-0: Swinging Strike 0-1: Swinging Strike 0-2: Ball 1-2: Ball 2-2: Ball 3-2: Foul Ball, location: 2F 3-2: Strikes out swinging | Bottom of the 5th over - 1 run, 0 hits, 1 error, 3 left on base; El Dorado 3 - Maui 1 | TOP OF THE 6TH |
---|
El Dorado Oilers batting - Pitching for Maui Tropics : RHP Denny Green | Batting: RHB José Carlos Caraballo | 0-0: Ball 1-0: Ball 2-0: Ball 3-0: Base on Balls | Batting: SHB Orlando Aguilar | 0-0: Called Strike José Carlos Caraballo steals 2nd base 0-1: Reached on error, E5 (Groundball, 56) José Carlos Caraballo to third | Batting: RHB Chris Parker | 0-0: Ball 1-0: SINGLE (Flyball, 89M) José Carlos Caraballo scores Orlando Aguilar to second Runner from 2nd tries for 3rd, SAFE, throw made at trailing runner, OUT! | Pinch Hitting: RHB Sixto Vélez | 0-0: Intentional Walk | Pinch Hitting: RHB Warren Martin | 0-0: Ball 1-0: Called Strike 1-1: Ball 2-1: Grounds into double play, 4-6-3 (Groundball, 4) | Top of the 6th over - 1 run, 1 hit, 1 error, 1 left on base; El Dorado 4 - Maui 1 | BOTTOM OF THE 6TH |
---|
Maui Tropics batting - Pitching for El Dorado Oilers : RHP Stanley Briggs | Now at 2B: Sixto Vélez | | Now in LF: Warren Martin | | Batting: RHB Jesús Espinoza | 0-0: Ball 1-0: Ball 2-0: Ball 3-0: Called Strike 3-1: SINGLE (Line Drive, 4D) | Batting: RHB Luis Alou | 0-0: Fly out, F8 (Flyball, 8LM) | Batting: LHB Ernesto López | 0-0: Called Strike 0-1: Ball 1-1: Foul Ball, location: 2F 1-2: 2-RUN HOME RUN (Flyball, 89XD), Distance : 419 ft | Pitching: RHP Ken Gary | | Batting: LHB Mike Pearson | 0-0: Ball 1-0: Ball 2-0: Ball 3-0: Called Strike 3-1: Called Strike 3-2: Foul Ball, location: 2F 3-2: SINGLE (Groundball, 56D) | Batting: LHB José Rivas | 0-0: Called Strike 0-1: Called Strike 0-2: Ball 1-2: Ball 2-2: Foul Ball, location: 2F 2-2: Ball 3-2: Base on Balls Mike Pearson to second | Batting: LHB Mark Everett | 0-0: Called Strike 0-1: Ball 1-1: Called Strike 1-2: Fly out, F7 (Flyball, 78M) | Batting: RHB Michael Woodruff | 0-0: Called Strike 0-1: Foul Ball, location: 2F 0-2: Strikes out swinging | Bottom of the 6th over - 2 runs, 3 hits, 0 errors, 2 left on base; El Dorado 4 - Maui 3 | TOP OF THE 7TH |
---|
El Dorado Oilers batting - Pitching for Maui Tropics : RHP Denny Green | Batting: RHB Juan Jiménez | 0-0: Ball 1-0: Ball 2-0: Ball 3-0: Fly out, F8 (Flyball, 8LM) | Pinch Hitting: LHB Curt Walker | 0-0: SINGLE (Line Drive, 9LS) | Batting: RHB Bob Johnson | 0-0: Called Strike 0-1: Fly out, F7 (Flyball, 7D) | Pinch Hitting: LHB Ashley Pickhills | 0-0: Ball 1-0: Called Strike 1-1: Ball 2-1: SINGLE (Line Drive, 3D) Curt Walker to second | Batting: RHB José Carlos Caraballo | 0-0: Ball 1-0: Ball 2-0: Swinging Strike 2-1: Foul Ball, location: 2F 2-2: Ground out U3 (Groundball, 34) | Top of the 7th over - 0 runs, 2 hits, 0 errors, 2 left on base; El Dorado 4 - Maui 3 | BOTTOM OF THE 7TH |
---|
Maui Tropics batting - Pitching for El Dorado Oilers : RHP Ken Gary | Now at 1B: José Montoya | | Now in RF: Ashley Pickhills | | Pinch Hitting: LHB Dave Cook | 0-0: Fly out, F1 (Line Drive, 13) | Pinch Hitting: LHB Luis Antonio Torres | 0-0: Ball 1-0: Ball 2-0: Ball 3-0: Base on Balls | Pinch Hitting: RHB Lonson Seals | 0-0: Ball 1-0: Called Strike 1-1: Ball 2-1: Foul Ball, location: 2F 2-2: Grounds into double play, 4-6-3 (Groundball, 4) | Bottom of the 7th over - 0 runs, 0 hits, 0 errors, 0 left on base; El Dorado 4 - Maui 3 | TOP OF THE 8TH |
---|
El Dorado Oilers batting - Pitching for Maui Tropics : RHP Denny Green | Now at 2B: Lonson Seals | | Now at 3B: Dan Dunn | | Now in CF: Don Hull | | Pinch Hitting: SHB Theron Harper | 0-0: Ball 1-0: Foul Ball, location: 2F 1-1: Ball 2-1: Ground out 6-3 (Groundball, 6) | Pinch Hitting: RHB Carlos Vásquez | 0-0: Foul Ball, location: 2F 0-1: Ball 1-1: Foul Ball, location: 2F 1-2: Ball 2-2: Ground out 6-3 (Groundball, 6) | Batting: RHB Sixto Vélez | 0-0: SINGLE (Line Drive, 4MD) | Batting: RHB Warren Martin | 0-0: Called Strike 0-1: DOUBLE (Groundball, 5L) Sixto Vélez to third Runner from 3rd tries for Home, SAFE, no throw | Pitching: RHP Manny Benavides | | Batting: RHB Juan Jiménez | 0-0: Called Strike 0-1: Swinging Strike 0-2: SINGLE (Line Drive, 78M) Warren Martin to third Runner from 3rd tries for Home, throw and OUT! | Top of the 8th over - 1 run, 3 hits, 0 errors, 1 left on base; El Dorado 5 - Maui 3 | BOTTOM OF THE 8TH |
---|
Maui Tropics batting - Pitching for El Dorado Oilers : RHP Ken Gary | Now at 3B: Theron Harper | | Now at SS: Carlos Vásquez | | Batting: RHB Luis Alou | 0-0: Called Strike 0-1: Ball 1-1: Swinging Strike 1-2: Ball 2-2: Fly out, F7 (Flyball, 7LMF) | Batting: RHB John Brown | 0-0: Ball 1-0: Called Strike 1-1: Swinging Strike 1-2: Strikes out swinging, 2-3 out at first. | Batting: LHB Mike Pearson | 0-0: Ground out 5-3 (Groundball, 5) | Bottom of the 8th over - 0 runs, 0 hits, 0 errors, 0 left on base; El Dorado 5 - Maui 3 | TOP OF THE 9TH |
---|
El Dorado Oilers batting - Pitching for Maui Tropics : RHP Manny Benavides | Batting: RHB José Montoya | 0-0: Swinging Strike 0-1: Ball 1-1: Ball 2-1: Ball 3-1: Called Strike 3-2: Strikes out swinging | Pinch Hitting: LHB Bob Jones | 0-0: Ground out 5-3 (Groundball, 56S) | Batting: LHB Ashley Pickhills | 0-0: Fly out, F3 (Line Drive, 3) | Top of the 9th over - 0 runs, 0 hits, 0 errors, 0 left on base; El Dorado 5 - Maui 3 | BOTTOM OF THE 9TH |
---|
Maui Tropics batting - Pitching for El Dorado Oilers : RHP Ken Gary | Now at C: Bryant von Bohlen | | Pinch Hitting: RHB Ximena Campos | 0-0: Called Strike 0-1: Ball 1-1: Foul Ball, location: 2F 1-2: Foul Ball, location: 2F 1-2: Ball 2-2: Strikes out swinging | Pinch Hitting: LHB Jim Knight | 0-0: Ball 1-0: Foul Ball, location: 2F 1-1: Ball 2-1: Ground out 6-3 (Groundball, 6D) | Batting: RHB Michael Woodruff | 0-0: Ball 1-0: Swinging Strike 1-1: Ball 2-1: Swinging Strike 2-2: Fly out, F6 (Line Drive, 6) | Bottom of the 9th over - 0 runs, 0 hits, 0 errors, 0 left on base; El Dorado 5 - Maui 3 | |